 Dungeon Crawl Stone Soup version 0.24-a0-779-g36f0aeb843 (webtiles) character file.

Game seed: 10585922965336637903, levelgen mode: deterministic

3420 Kohma the Magician (level 10, -5/115 HPs)
             Began as a Gnoll Skald on Oct 8, 2019.
             Was a Priest of Okawaru.
             Slain by an orc warrior
             ... wielding a +0 halberd
              (11 damage)
             ... on level 8 of the Dungeon.
             The game lasted 00:23:13 (7613 turns).

Kohma the Magician (Gnoll Skald)                    Turns: 7613, Time: 00:23:14

Health: -5/115     AC:  7    Str: 25    XL:     10   Next: 5%
Magic:  0/6        EV: 16    Int: 16    God:    Okawaru [***...]
Gold:   189        SH:  0    Dex: 17    Spells: 3/23 levels left

rFire    . . .     SeeInvis .   e - +7 short sword "Matasse" {antimagic, rPois Dex+2}
rCold    . . .     Gourm    .   (no shield)
rNeg     . . .     Faith    .   C - +1 troll leather armour {Purgy}
rPois    +         Spirit   .   (no helmet)
rElec    .         Reflect  .   (no cloak)
rCorr    +         Harm     .   E - +0 pair of gloves
MR       .....                  (no boots)
Stlth    ..........             (no amulet)
HPRegen  0.69/turn              l - +4 ring of strength
MPRegen  0.10/turn              i - ring of resist corrosion

@: berserking, infused, singing, very quick
A: distributed training, fangs 1, strong nose
a: Heroism, Renounce Religion


You were on level 8 of the Dungeon.
You worshipped Okawaru.
Okawaru was most pleased with you.
You were hungry.

You visited 2 branches of the dungeon, and saw 9 of its levels.
You also visited: Sewer.

You collected 389 gold pieces.
You spent 200 gold pieces at shops.

Inventory:

Hand Weapons
 a - a +4 dagger
 b - a +1 long sword of holy wrath
 e - the +7 short sword "Matasse" (weapon) {antimagic, rPois Dex+2}
   (You found it on level 4 of the Dungeon)

   It reduces the magical energy of the wielder, and disrupts the spells and
   magical abilities of those hit.
   Natural abilities and divine invocations are not affected.
   It affects your dexterity (+2).
   It protects you from poison.
Missiles
 g - 15 poisoned darts
 j - 30 bolts
 w - 2 throwing nets (quivered)
 y - 12 boomerangs
Armour
 z - a +0 leather armour of cold resistance
 C - a +1 troll leather armour (worn) {Purgy}
 E - a +0 pair of gloves (worn)
Jewellery
 i - a ring of resist corrosion (right hand)
 l - a +4 ring of strength (left hand)
Wands
 c - a wand of disintegration (7)
 t - a wand of flame (15)
 I - a wand of iceblast (8)
Scrolls
 k - 2 scrolls of amnesia
 n - a scroll of immolation {unknown}
 p - 3 scrolls of magic mapping
 r - 2 scrolls of blinking
 x - a scroll of teleportation
 A - a scroll of identify
 F - 2 scrolls of noise {unknown}
 G - a scroll of remove curse
 H - a scroll of brand weapon {unknown}
Potions
 f - 3 potions of brilliance
 h - a potion of mutation {unknown}
 m - a potion of haste
 o - 2 potions of flight
 q - 2 potions of resistance
 u - 3 potions of curing
 v - a potion of agility {unknown}
 B - 2 potions of heal wounds {unknown}
 D - 2 potions of ambrosia {unknown}
Comestibles
 d - 14 rations


   Skills:
 + Level 6.7 Fighting
 + Level 4.8 Short Blades
 + Level 6.7 Long Blades
 + Level 4.8 Axes
 + Level 4.8 Maces & Flails
 + Level 4.8 Polearms
 + Level 4.8 Staves
 + Level 4.8 Slings
 + Level 4.8 Bows
 + Level 4.8 Crossbows
 + Level 4.8 Throwing
 + Level 5.5 Armour
 + Level 6.7 Dodging
 + Level 4.8 Stealth
 + Level 4.8 Shields
 + Level 4.8 Unarmed Combat
 + Level 7.0 Spellcasting
 + Level 3.9 Conjurations
 + Level 3.9 Hexes
 + Level 6.8 Charms
 + Level 3.9 Summonings
 + Level 3.9 Necromancy
 + Level 3.9 Translocations
 + Level 3.9 Transmutations
 + Level 3.9 Fire Magic
 + Level 3.9 Ice Magic
 + Level 3.9 Air Magic
 + Level 3.9 Earth Magic
 + Level 3.9 Poison Magic
 + Level 5.2 Invocations
 + Level 4.8 Evocations


You had 3 spell levels left.
You knew the following spells:

 Your Spells              Type           Power        Failure   Level  Hunger
a - Infusion              Chrm           ####         1%          1    None
b - Song of Slaying       Chrm           ####....     1%          2    None
c - Shroud of Golubria    Chrm/Tloc      ###...       2%          2    None
d - Regeneration          Chrm/Necr      ###.......   4%          3    ##.....
e - Spectral Weapon       Hex/Chrm       ###.....     4%          3    ##.....
f - Blink                 Tloc           N/A          4%          2    None
g - Call Imp              Summ           ###.....     4%          2    None
h - Mephitic Cloud        Conj/Pois/Air  ###.....     9%          3    ##.....
i - Sticks to Snakes      Tmut           ###.....     4%          2    None

Your spell library contained the following spells:

 Spells                   Type           Power        Failure   Level  Hunger
 Beastly Appendage        Tmut           ###...       2%          1    None
 Magic Dart               Conj           ###.         2%          1    None
 Slow                     Hex            ###.....     4%          2    None
 Conjure Flame            Conj/Fire      ###.....     9%          3    ##.....
 Spider Form              Tmut/Pois      ###.......   9%          3    ##.....
 Ice Form                 Ice/Tmut       ###.....     26%         4    ####...
 Blade Hands              Tmut           ###.......   58%         5    #####..


Dungeon Overview and Level Annotations

Branches:
Dungeon (8/15)             Temple (1/1) D:5           Sewer (visited)
   Lair: D:8-11

Altars:
Ashenzari
Cheibriados
Dithmenos
Elyvilon
Fedhas
Gozag
Kikubaaqudgha
Makhleb
Okawaru
Qazlal
Ru
Trog
Vehumet
Wu Jian
Xom
Yredelemnul
Zin
The Shining One

Shops:
D:6 :   D:8 %


Innate Abilities, Weirdness & Mutations

Your experience applies equally to all skills.
You have very sharp teeth.
Your uncanny sense of smell can sniff out nearby items.


Message History

Confirm with . or Enter, or press ? or * to list all spells.
You don't have enough magic to cast that spell.
Casting: Song of Slaying (safe; 1% risk of failure)
Confirm with . or Enter, or press ? or * to list all spells.
You begin infusing your attacks with magical energy.
Your crimson imp closely misses the orc warrior.
You hit the orc warrior! Your punch misses the orc warrior.
The orc warrior is heavily wounded.
The orc warrior barely misses you.
Your crimson imp hits the orc warrior but does no damage.
You closely miss the orc warrior.
The orc warrior is heavily wounded.
Your crimson imp completely misses the orc warrior.
The orc warrior hits you with a +0 halberd!!
* * * LOW HITPOINT WARNING * * *
A red film seems to cover your vision as you go berserk!
You feel yourself moving faster!
You feel mighty!
Your crimson imp barely misses the orc warrior.
The orc warrior hits you with a +0 halberd!
You die...

.## ######## ##########
..#####......# #......... .
.....#......# #.........
... #...#......# #.....†...
..P.#...#......# #.........
.)P.....#.5....###.........
..P.P...'o†...('...........
...P....#.@....#.##########
P.....###......#.# ...PP#
#......#.########## P.P..
#......#.##.......# .P..
##.#####.##..[....' P.. #.#
#.##.......# P.. #.#
#.##.......# #.# #.......#
#.# #........


You could see an orc warrior and a friendly crimson imp.

Vanquished Creatures
  Pikel (D:4)
  A hippogriff (D:7)
  A wraith (D:7)
  Eustachio (D:6)
  A yak (D:8)
  An orc warrior (D:8)
  Purgy (Sewer)
  4 sky beasts
  2 ice beasts (D:8)
  A black bear (D:6)
  A slave (D:4)
  2 ogres
  A centaur (D:7)
  A bullfrog (D:7)
  A scorpion (D:5)
  A water moccasin skeleton (D:6)
  5 killer bees (D:7)
  A howler monkey (D:5)
  A crimson imp (D:7)
  A bullfrog zombie (D:8)
  2 hounds
  A bullfrog skeleton (D:5)
  An orc priest (D:4)
  A jelly (D:7)
  4 orc wizards
  5 worker ants
  3 hound skeletons
  11 adders
  2 oozes
  2 worms
  3 dart slugs
  2 leopard geckos
  23 orcs
  A ball python (D:3)
  7 giant cockroaches
  10 goblins
  7 hobgoblins
  11 jackals
  3 quokkas
  14 bats
  9 frilled lizards
  7 kobolds
  2 quokka skeletons
  10 rats
170 creatures vanquished.

Vanquished Creatures (collateral kills)
  A yak (D:8)
  A bullfrog (D:6)
  An adder (D:6)
3 creatures vanquished.

Vanquished Creatures (others)
  A giant cockroach (D:4)
  4 fungi (D:8)
  3 spectral weapons
8 creatures vanquished.

Grand Total: 181 creatures vanquished

Notes
Turn   | Place    | Note
-------+----------+-------------------------------------------
     0 | D:1      | Kohma the Gnoll Skald began the quest for the Orb.
     0 | D:1      | Reached XP level 1. HP: 20/20 MP: 6/6
    47 | D:1      | Reached XP level 2. HP: 24/26 MP: 3/7
    54 | D:1      | Learned a level 2 spell: Song of Slaying
    57 | D:1      | Learned a level 2 spell: Shroud of Golubria
   230 | D:1      | Reached XP level 3. HP: 29/31 MP: 9/9
   253 | D:1      | Learned a level 3 spell: Regeneration
   257 | D:1      | Learned a level 3 spell: Spectral Weapon
   273 | D:1      | Reached skill level 5 in Spellcasting
   504 | D:1      | Reached skill level 1 in Invocations
   824 | D:2      | Reached skill level 1 in Short Blades
   824 | D:2      | Reached skill level 1 in Axes
   824 | D:2      | Reached skill level 1 in Maces & Flails
   824 | D:2      | Reached skill level 1 in Polearms
   824 | D:2      | Reached skill level 1 in Staves
   824 | D:2      | Reached skill level 1 in Slings
   824 | D:2      | Reached skill level 1 in Bows
   824 | D:2      | Reached skill level 1 in Crossbows
   824 | D:2      | Reached skill level 1 in Throwing
   824 | D:2      | Reached skill level 1 in Stealth
   824 | D:2      | Reached skill level 1 in Shields
   824 | D:2      | Reached skill level 1 in Unarmed Combat
   824 | D:2      | Reached skill level 1 in Evocations
  1042 | D:2      | Reached XP level 4. HP: 38/38 MP: 4/11
  1892 | D:3      | Reached skill level 1 in Conjurations
  1892 | D:3      | Reached skill level 1 in Hexes
  1892 | D:3      | Reached skill level 1 in Summonings
  1892 | D:3      | Reached skill level 1 in Necromancy
  1892 | D:3      | Reached skill level 1 in Translocations
  1892 | D:3      | Reached skill level 1 in Transmutations
  1892 | D:3      | Reached skill level 1 in Fire Magic
  1892 | D:3      | Reached skill level 1 in Ice Magic
  1892 | D:3      | Reached skill level 1 in Air Magic
  1892 | D:3      | Reached skill level 1 in Earth Magic
  1892 | D:3      | Reached skill level 1 in Poison Magic
  1993 | D:3      | Found a bloodstained altar of Trog.
  2172 | D:3      | Found a shadowy altar of Dithmenos.
  2194 | D:3      | Reached XP level 5. HP: 35/43 MP: 5/12
  2312 | D:3      | Found a glowing drain.
  2383 | Sewer    | Entered a sewer
  2727 | Sewer    | Noticed Purgy
  2737 | Sewer    | Killed Purgy
  2737 | Sewer    | Reached XP level 6. HP: 50/50 MP: 3/14
  3034 | D:4      | Found a shattered altar of Ashenzari.
  3127 | D:4      | Reached skill level 5 in Fighting
  3127 | D:4      | Reached skill level 5 in Long Blades
  3127 | D:4      | Reached skill level 5 in Dodging
  3284 | D:4      | Reached XP level 7. HP: 42/56 MP: 7/15
  3343 | D:4      | Noticed Pikel
  3433 | D:4      | Killed Pikel
  3433 | D:4      | Reached XP level 8. HP: 57/63 MP: 9/16
  3532 | D:4      | Got a transparent short sword
  3679 | D:4      | Found an ornate altar of the Wu Jian Council.
  3679 | D:4      | Found a glowing silver altar of Zin.
  3973 | D:5      | Entered Level 5 of the Dungeon
  4129 | D:5      | Found a blossoming altar of Fedhas.
  4298 | D:5      | Reached skill level 6 in Spellcasting
  4311 | D:5      | Found a staircase to the Ecumenical Temple.
  4330 | Temple   | Entered the Ecumenical Temple
  4337 | Temple   | Became a worshipper of Warmaster Okawaru
  5216 | D:6      | Found an opulent altar of Gozag.
  5217 | D:6      | Identified the +7 short sword "Matasse" {antimagic, rPois
                  | Dex+2} (You found it on level 4 of the Dungeon)
  5247 | D:6      | Found a sacrificial altar of Ru.
  5307 | D:6      | Found Juahiwe's Book Shoppe.
  5316 | D:6      | Bought a book of Minor Magic for 200 gold pieces
  5319 | D:6      | Learned a level 2 spell: Blink
  5322 | D:6      | Learned a level 2 spell: Call Imp
  5326 | D:6      | Learned a level 3 spell: Mephitic Cloud
  5340 | D:6      | Noticed Eustachio
  5346 | D:6      | Found a bloodstained altar of Trog.
  5353 | D:6      | Reached * piety under Okawaru
  5595 | D:6      | Found a sacrificial altar of Ru.
  5729 | D:6      | Killed Eustachio
  5729 | D:6      | Reached XP level 9. HP: 66/69 MP: 6/18
  5923 | D:7      | Found an opulent altar of Gozag.
  6157 | D:7      | Reached ** piety under Okawaru
  6257 | D:7      | Reached skill level 5 in Armour
  6426 | D:7      | Found an ornate altar of the Wu Jian Council.
  6762 | D:8      | Learned a level 2 spell: Sticks to Snakes
  6851 | D:8      | Found a basalt altar of Yredelemnul.
  6886 | D:8      | Found Hopsarghuo's Food Boutique.
  7355 | D:8      | Reached skill level 5 in Invocations
  7368 | D:8      | Found a snail-covered altar of Cheibriados.
  7569 | D:8      | Reached *** piety under Okawaru
  7598 | D:8      | Reached XP level 10. HP: 59/77 MP: 0/20
  7606 | D:8      | Reached skill level 7 in Spellcasting
  7612 | D:8      | HP: 3/77 [orc warrior/+0 halberd (19)]
  7613 | D:8      | Slain by an orc warrior

Levels and vault maps discovered:
D:1:      saegor_arrival_simple_b, layout_loops_ring
D:2:      layout_rooms, serial_co_window_serial, co_window_paths_b,
          co_window_cross_1, co_window_paths_b, co_window_corner_a,
          co_window_corner_a, co_window_of_opportunity_a, co_window_corner_b,
          co_window_2corner, co_window_unsneaky_path_e, co_window_broadway_c,
          co_window_4corner_b
D:3:      layout_basic, overflow_temple_1_default, first_ration,
          gup_sewer_entry_glass, bloody_trog
D:4:      layout_loops_ring, overflow_temple_1_default,
          chequers_temple_overflow_statue_of_worship, uniq_pikel
D:5:      layout_basic, lemuel_crystal_altar, minmay_temple_entry_junction_2
D:6:      layout_loops_ring, kennysheep_mini_moat,
          nicolae_overflow_crystal_walls, serial_shops, shop, basic_altar,
          nicolae_ru_the_path_less_chosen, uniq_eustachio
D:7:      layout_loops_corners, basic_altar, grunt_gozag_statues
D:8:      layout_basic, nicolae_overflow_hidden_temple, kennysheep_little_box,
          grunt_temple_overflow_diamond, grunt_lair_entry_orc_guard_hut,
          serial_shops, shop
Temple:   compressed_dpeg_triangle_lava_temple

Skill      XL: |  1  2  3  4  5  6  7  8  9 10 |
---------------+-------------------------------+-----
Spellcasting   | 5 6 7 |  7.0
Invocations    | 1 2 3 4 5 |  5.2
Short Blades   | 1 2 3 4 |  4.8
Axes           | 1 2 3 4 |  4.8
Maces & Flails | 1 2 3 4 |  4.8
Polearms       | 1 2 3 4 |  4.8
Staves         | 1 2 3 4 |  4.8
Slings         | 1 2 3 4 |  4.8
Bows           | 1 2 3 4 |  4.8
Crossbows      | 1 2 3 4 |  4.8
Throwing       | 1 2 3 4 |  4.8
Stealth        | 1 2 3 4 |  4.8
Shields        | 1 2 3 4 |  4.8
Unarmed Combat | 1 2 3 4 |  4.8
Evocations     | 1 2 3 4 |  4.8
Conjurations   | 1 2 3 |  3.9
Hexes          | 1 2 3 |  3.9
Summonings     | 1 2 3 |  3.9
Necromancy     | 1 2 3 |  3.9
Translocations | 1 2 3 |  3.9
Transmutations | 1 2 3 |  3.9
Fire Magic     | 1 2 3 |  3.9
Ice Magic      | 1 2 3 |  3.9
Air Magic      | 1 2 3 |  3.9
Earth Magic    | 1 2 3 |  3.9
Poison Magic   | 1 2 3 |  3.9
Armour         | 3 4 5 |  5.5
Fighting       | 5 6 |  6.7
Long Blades    | 5 6 |  6.7
Dodging        | 5 6 |  6.7
Charms         | 6 |  6.8

Action                   |  1- 3 |  4- 6 |  7- 9 | 10-12 || total
-------------------------+-------+-------+-------+-------++-------
Melee: Falchion          |    15 |       |       |       ||    15
       Dagger            |    83 |   175 |    34 |       ||   292
       Bite              |    10 |    24 |    32 |       ||    66
       Punch             |       |     1 |     6 |       ||     7
       Long sword        |       |       |    99 |       ||    99
       Short sword       |       |       |   154 |    12 ||   166
Throw: Throwing net      |       |       |     4 |       ||     4
 Cast: Infusion          |     1 |     1 |     1 |     1 ||     4
       Spectral Weapon   |     2 |    11 |     8 |       ||    21
       Shroud of Golubri |     2 |     6 |    10 |       ||    18
       Song of Slaying   |     1 |     6 |     5 |       ||    12
       Call Imp          |       |       |     6 |       ||     6
       Mephitic Cloud    |       |       |     4 |       ||     4
  Use: Scroll            |       |     5 |    13 |       ||    18
       Potion            |       |       |       |     1 ||     1
 Stab: Sleeping          |     1 |     3 |    14 |       ||    18
       Distracted        |     1 |     1 |     2 |       ||     4
       Held in net/web   |       |       |     3 |       ||     3
       Confused          |       |       |     1 |       ||     1
  Eat: Chunk             |     1 |     8 |    14 |       ||    23
Armor: Leather armour    |    34 |     1 |       |       ||    35
       Ring mail         |       |    29 |       |       ||    29
       Troll leather arm |       |    14 |    60 |     1 ||    75
Dodge: Dodged            |    56 |   148 |   227 |    10 ||   441
       Rpst.: Falchion   |     1 |       |       |       ||     1
       Long sword        |       |       |    21 |       ||    21

Table legend:
 A = Non-vault XP
 B = Vault XP
 C = Vault XP percentage of total XP
 D = Non-vault monster count
 E = Vault monster count
 F = Vault count percentage of total count
                 A         B        C        D         E       F
            +---------+---------+-------+---------+---------+-------
      Total |    3458 |    1428 |  29.2 |     156 |      16 |   9.3
            +---------+---------+-------+---------+---------+-------
        D:1 |      65 |       0 |   0.0 |      34 |       0 |   0.0
        D:2 |      61 |       0 |   0.0 |      18 |       0 |   0.0
        D:3 |      49 |      81 |  62.3 |      24 |       6 |  20.0
        D:4 |     307 |     673 |  68.7 |      24 |       1 |   4.0
        D:5 |     506 |       0 |   0.0 |      15 |       0 |   0.0
        D:6 |     453 |     196 |  30.2 |      14 |       1 |   6.7
        D:7 |    1107 |       0 |   0.0 |      15 |       0 |   0.0
        D:8 |     910 |     324 |  26.3 |      12 |       2 |  14.3
      Sewer |       0 |     154 | 100.0 |       0 |       6 | 100.0
            +---------+---------+-------+---------+---------+-------
